 Dungeon Crawl Stone Soup version 0.14.0-17-gc0b17a5 (webtiles) character file.

163 Infinimo the Vexing (level 5, -9/31 HPs)
             Began as a Halfling Enchanter on Apr 19, 2014.
             Mangled by a gnoll
             ... wielding a +0,+0 trident
              (10 damage)
             ... on Level 2 of the Dungeon.
             The game lasted 00:02:44 (1666 turns).

Infinimo the Vexing (Halfling Enchanter)            Turns: 1666, Time: 00:02:45

HP  -9/31        AC  4     Str  6      XL: 5   Next:  0%
MP   1/7         EV 15     Int 15      God:
Gold 65          SH  0     Dex 17      Spells:  2 memorised,  4 levels left

rFire  . . .     SeeInvis .     a - +1 dagger
rCold  . . .     Clarity  .     b - +1 robe
rNeg   . . .     Conserve .     (no shield)
rPois  .         rCorr    .     (no helmet)
rElec  .         rRot     .     (no cloak)
SustAb . .       Spirit   .     o - +0 pair of gloves
rMut   .         Warding  .     (no boots)
Saprov . . .     Stasis   .     (no amulet)
MR     .....                    (no ring)
                                (no ring)

@: not resistant to hostile enchantments, stealthy
A: mutation resistance 1, slow metabolism 1
a: no special abilities


You were on level 2 of the Dungeon.
You were not hungry.

You visited 1 branch of the dungeon, and saw 2 of its levels.

You collected 65 gold pieces.

Inventory:

Hand weapons
 a - a +1,+1 dagger (weapon)
Missiles
 d - 12 darts (quivered)
Armour
 b - a +1 robe (worn)
 o - a +0 pair of gloves (worn)
Comestibles
 f - a bread ration
 g - a meat ration
 r - a chunk of gnoll flesh
Scrolls
 e - a scroll of remove curse {unknown}
 i - a scroll of random uselessness {unknown}
 k - a scroll of enchant armour {unknown}
 l - a scroll of enchant weapon II {unknown}
 p - 2 scrolls of identify {unknown}
Potions
 h - a potion of resistance {unknown}
 j - a potion of magic {unknown}
 m - a potion of heal wounds
 n - a potion of brilliance {unknown}
 q - a potion of curing {unknown}
Books
 c - a book of Maledictions

   Spells                             Type                      Level
   *Corona                            Hexes                        1
   Sure Blade                         Hexes/Charms                 2
   *Ensorcelled Hibernation           Hexes/Ice                    2
   Confuse                            Hexes                        3
   Enslavement                        Hexes                        4
   Invisibility                       Hexes                        6


   Skills:
 - Level 1.3 Short Blades
 - Level 1.3 Throwing
 - Level 2.4 Dodging
 - Level 3.4 Stealth
 - Level 1.5 Spellcasting
 + Level 4.5 Hexes


You had 4 spell levels left.
You knew the following spells:

 Your Spells              Type           Power        Failure   Level  Hunger
a - Corona                Hex            ##.....      4%          1    ##.....
b - Ensorcelled Hibernat  Hex/Ice        #.....       14%         2    ###....


Dungeon Overview and Level Annotations

Branches:
Dungeon (2/15)

Altars:


Innate Abilities, Weirdness & Mutations

You are small and have problems with some larger weapons.
You are somewhat resistant to further mutation.
You have a slow metabolism.


Message History

Press: ? - help, Shift-Dir - straight line, f/p - hobgoblin
Aim: a hobgoblin The adder looks drowsy...
The helpless adder fails to defend itself.
You puncture the adder!
You kill the adder!
Casting: Ensorcelled Hibernation
Confirm with . or Enter, or press ? or * to list all spells.
Aiming: Ensorcelled Hibernation
Press: ? - help, Shift-Dir - straight line, f/p - hobgoblin
Aim: a hobgoblin The hobgoblin looks drowsy...
The gnoll hits you from afar with a trident!
* * * LOW HITPOINT WARNING * * *
The helpless hobgoblin fails to defend itself.
You kill the hobgoblin!
You have reached level 5!
You feel agile.
The gnoll hits you from afar with a trident!
You die...

#..............####.%
#..............##....
#...... .............
#.....# #.......>..
#.....# #..........
#.....#####..........
#...gg...............
##g########..........
#.%@...........)....
#######.............
#.............
####..........
#......#### ########


You could see a gnoll.

Vanquished Creatures
  2 gnolls (D:2)
  5 adders (D:2)
  A worm (D:2)
  A ball python (D:2)
  3 goblins
  8 hobgoblins
  A bat (D:1)
  3 giant cockroaches
  A giant newt (D:1)
  3 kobolds
  2 rats
30 creatures vanquished.

Vanquished Creatures (others)
  A giant newt (D:1)
1 creature vanquished.

Grand Total: 31 creatures vanquished

Notes
Turn   | Place    | Note
--------------------------------------------------------------
     0 | D:1      | Infinimo, the Halfling Enchanter, began the quest for the Orb.
     0 | D:1      | Reached XP level 1. HP: 11/11 MP: 2/2
    20 | D:1      | Reached skill level 3 in Stealth
   165 | D:1      | Reached XP level 2. HP: 10/17 MP: 3/3
   775 | D:1      | Learned a level 2 spell: Ensorcelled Hibernation
   805 | D:2      | Reached XP level 3. HP: 17/21 MP: 5/5
  1245 | D:2      | Reached skill level 4 in Hexes
  1245 | D:2      | Reached XP level 4. HP: 20/27 MP: 2/6
  1665 | D:2      | HP: 1/27 [gnoll/trident (11)]
  1666 | D:2      | Reached XP level 5. HP: 1/31 MP: 1/7
  1666 | D:2      | Mangled by a gnoll

Action                   |  1- 3 |  4- 6 || total
-------------------------+-------+-------++-------
Melee: Dagger            |    99 |    38 ||   137
 Cast: Ensorcelled Hiber |     3 |     5 ||     8
  Use: Potion            |     1 |       ||     1
 Stab: Sleeping          |     4 |     4 ||     8
       Distracted        |       |     1 ||     1
